 Dungeon Crawl Stone Soup version 0.29.1-12-g30fa7ad0bf (webtiles) character file.

Game seed: 2013190014391569068

10 sanboga the Cudgeller (level 2, 27/27 HPs)
             Began as a Minotaur Monk on Dec 22, 2022.
             Quit the game on level 1 of the Dungeon.
             The game lasted 00:00:33 (300 turns).

sanboga the Cudgeller (Minotaur Monk)                Turns: 300, Time: 00:00:33

Health: 27/27      AC:  2    Str: 15    XL:     2   Next: 10%
Magic:  1/1        EV: 12    Int:  7    God:
Gold:   33         SH:  0    Dex: 12    Spells: 1/1 levels left

rFire   . . .      SeeInvis .   a - +0 mace
rCold   . . .      Faith    .   (no shield)
rNeg    . . .      Spirit   .   b - +0 robe
rPois   .          Reflect  .   (helmet restricted)
rElec   .          Harm     .   (no cloak)
rCorr   .          Rampage  .   (no gloves)
Will    .....                   (no boots)
Stlth   ++........              (no amulet)
HPRegen 0.09/turn               (no ring)
MPRegen 0.07/turn               (no ring)

@: no status effects
A: horns 2, retaliatory headbutt
a: no special abilities


You were on level 1 of the Dungeon.
You visited 1 branch of the dungeon, and saw 1 of its levels.

You collected 33 gold pieces.

Inventory:

Hand Weapons
 a - a +0 mace (weapon)
Armour
 b - a +0 robe (worn)
Scrolls
 e - a scroll of fear {unknown}
 f - a scroll of enchant weapon {unknown}
Potions
 c - a potion of ambrosia
 d - a potion of flight {unknown}
 g - a potion of heal wounds {unknown}
 h - a potion of haste {unknown}


   Skills:
 + Level 3.8 Fighting
 * Level 4.0 Maces & Flails
 + Level 0.9 Armour
 - Level 3.2 Dodging
 - Level 1.5 Stealth


You had one spell level left.
You didn't know any spells.
Your spell library contained the following spells:

 Spells                   Type           Power      Damage    Failure   Level
 Slow                     Hex            0%         N/A       43%         1
 Confusing Touch          Hex            0%         N/A       80%         3
 Vampiric Draining        Necr           0%         2d6       80%         3


Dungeon Overview and Level Annotations

Branches:
Dungeon (1/15)

Altars:


Innate Abilities, Weirdness & Mutations

You have a pair of horns on your head.
You reflexively headbutt those who attack you in melee.


Message History

A rat comes into view.
There are monsters nearby!
There are monsters nearby!
The helpless rat fails to defend itself.
You thump the rat!
You kill the rat!
Your Maces & Flails skill increases to level 4!
A hobgoblin is nearby!
A hobgoblin is nearby!
The hobgoblin hits you.
You hit the hobgoblin. Your headbutt misses the hobgoblin.
The hobgoblin is severely wounded.
The hobgoblin hits you but does no damage.
A hobgoblin is nearby!
You hit the hobgoblin.
You kill the hobgoblin!
You have reached level 2!
Key pressed, stopping explore.
No target in view!
Key pressed, stopping explore.
No target in view!
A hobgoblin comes into view.
Found 15 gold pieces.
A hobgoblin is nearby!
The helpless hobgoblin fails to defend itself.
You sock the hobgoblin!
You kill the hobgoblin!
You now have 33 gold pieces (gained 15).
A kobold comes into view. It is wielding a +0 club.
A kobold is nearby!
A kobold is nearby!
A kobold is nearby!
Found a stone staircase leading down.
You see here an amethyst potion.
A kobold is nearby!
The helpless kobold fails to defend itself.
You hit the kobold.
You kill the kobold!
Unknown command.
Are you sure you want to abandon this character and quit the game? (Confirm with "yes".)

#### ...#######
.......... ##.#######
#.# #.# #.#
#.#################.#
+............!.@)..>#
#.#################.#
#.# #.. ###


There were no monsters in sight!

Vanquished Creatures
  3 bats (D:1)
  An endoplasm (D:1)
  3 hobgoblins (D:1)
  2 kobolds (D:1)
  A rat (D:1)
10 creatures vanquished.

Notes
Turn   | Place    | Note
-------+----------+-------------------------------------------
     0 | D:1      | sanboga the Minotaur Monk began the quest for the Orb.
     0 | D:1      | Reached XP level 1. HP: 19/19 MP: 0/0
   212 | D:1      | Reached skill level 4 in Maces & Flails
   218 | D:1      | Reached XP level 2. HP: 21/27 MP: 1/1
   300 | D:1      | Quit the game

Illustrated notes

Levels and vault maps discovered:
D:1:      sevenhm_arrival_forest_fort_small_6, layout_basic, serial_shops,
          nicolae_shop_overgrown_old_shop

Skill      XL: |  1 |
---------------+----+-----
Maces & Flails | 4 |  4.0
Fighting       | |  3.8
Armour         | |  0.9
Dodging        | |  3.2
Stealth        | |  1.5

Action                   || total
-------------------------++-------
Melee: Mace              ||    14
       Headbutt          ||     1
 Stab: Sleeping          ||     4
Armor: Robe              ||     4
Dodge: Dodged            ||    11
